Map: Crête de Lerilak

Players

zidar - Winner!

  • Race: Zerg Zerg
  • League: Silver
  • Spawn Location: 11:00

devil

  • Race: Zerg Zerg
  • League: Silver
  • Spawn Location: 5:00

VOD

Have the link to the VOD?

Description

Time

  • Played on: Jan. 3, 2016, 11:23 a.m.
  • Length: 5:55
Show
View Real Time Build Order
Export as new Build Order

zidar Zerg - Winner!

Build Orders: Pool First 

Get SALT Encoding   

  12  0:02  Drone  
  13  0:12  Overlord  
  13  0:17  Drone  
  14  0:30  Drone x2  
  16  0:47  Spawning Pool, Drone  
  16  0:52  Drone  
  17  1:17  Hatchery, Drone  
  17  1:21  Extractor, Drone  
  17  1:34  Queen  
  17  1:39  Drone  
  20  1:44  Overlord  
  20  2:03  Drone x3  
  23  2:09  Queen  
  25  2:21  Zergling x2  
  26  2:30  Roach Warren  
  24  2:38  Zergling x2  
  24  2:39  Zergling x4  
  27  2:48  Zergling x6  
  27  2:49  Zergling x2  
  31  3:08  Extractor  
  30  3:29  Roach  
  30  3:30  Roach x2  
  36  3:42  Overlord  
  36  3:43  Overlord  
  28  4:03  Roach x2  
  28  4:04  Roach x5  
  42  4:26  Roach x2  
  42  4:27  Roach x2  
  50  4:35  Overlord  
  50  4:43  Ravager x2  
  52  4:53  Ravager  
  53  5:06  Roach  
  53  5:07  Roach x2  
  59  5:13  Overlord  
  59  5:19  Ravager  
  60  5:33  Roach x3  
Show
View Real Time Build Order
Export as new Build Order

devil Zerg 

Build Orders: Hatch First 

Get SALT Encoding   

  12  0:03  Drone  
  13  0:11  Drone  
  14  0:18  Extractor  
  14  0:19  Drone  
  15  0:23  Overlord  
  15  0:41  Drone  
  15  0:42  Drone  
  17  0:46  Drone  
  18  1:01  Hatchery  
  17  1:13  Spawning Pool  
  17  1:15  Drone  
  18  1:18  Drone  
  18  1:26  Drone  
  19  1:35  Overlord  
  19  1:50  Extractor  
  19  1:51  Drone x2  
  19  1:52  Extractor  
  19  2:02  Queen  
  19  2:07  Zergling x2  
  22  2:18  Zergling x4  
  24  2:24  Zergling x4  
  26  2:41  Metabolic Boost  
  26  2:46  Zergling x2  
  26  2:47  Zergling x6  
  30  2:57  Zergling x4  
  32  3:02  Baneling Nest  
  31  3:05  Zergling x2  
  31  3:10  Spine Crawler  
  31  3:18  Drone x3  
  31  3:19  Drone x2  
  36  3:23  Spine Crawler  
  35  3:33  Roach Warren  
  34  3:39  Drone  
  24  4:03  Drone x2  
  24  4:04  Drone x5  
  31  4:14  Roach  
  33  4:23  Drone  
  33  4:24  Drone  
  35  4:36  Overlord x4  
  35  4:42  Lair, Evolution Chamber  
  34  4:48  Evolution Chamber  
  34  4:49  Drone  
  34  4:51  Drone  
  35  4:56  Roach  
  35  4:57  Drone  
  38  5:00  Baneling  
  38  5:01  Drone  
  38  5:03  Drone  
  38  5:06  Drone  
  41  5:15  Roach x2  
  45  5:25  Roach  
  45  5:28  Roach  
  49  5:30  Drone  
Tags
 
Add a new tag
Caveats
  • Supply blocks, unpowered buildings, or Contaminate may cause inaccurate times.
  • Supply counts are checked every 10 seconds.